 Dungeon Crawl Stone Soup version 0.23-a0-451-g1044d4c (webtiles) character file.

14 Lavandula the Sneak (level 2, 0/22 HPs)
             Began as a Naga Air Elementalist on Nov 22, 2018.
             Slain by Natasha (6 damage)
             ... on level 2 of the Dungeon.
             The game lasted 00:01:45 (296 turns).

Lavandula the Sneak (Naga Air Elementalist)          Turns: 296, Time: 00:01:47

Health: 0/22       AC:  1    Str: 10    XL:     2   Next: 41%
Magic:  3/5        EV: 10    Int: 15    God:
Gold:   38         SH:  0    Dex: 11    Spells: 5/6 levels left

rFire    . . .     SeeInvis +   e - +0 dagger
rCold    . . .     Gourm    .   (no shield)
rNeg     . . .     Faith    .   a - +0 robe
rPois    +         Spirit   .   (no helmet)
rElec    .         Reflect  .   (no cloak)
rCorr    .         Harm     .   (no gloves)
MR       .....                  (no barding)
Stlth    ++........             (no amulet)
HPRegen  0.07/turn              (no ring)
MPRegen  0.09/turn              (no ring)

@: short of breath, very slow
A: large, see invisible, deformed body, poison resistance, slowness 2, slow
metabolism 1, spit poison 1, AC +0
a: Spit Poison


You were on level 2 of the Dungeon.
You were not hungry.

You visited 1 branch of the dungeon, and saw 2 of its levels.

You collected 38 gold pieces.

Inventory:

Hand Weapons
 e - a +0 dagger (weapon)
Armour
 a - a +0 robe (worn)
Scrolls
 d - a scroll of fog {unknown}
 f - a scroll of enchant armour {unknown}
Comestibles
 c - a ration


   Skills:
 - Level 1.5 Dodging
 - Level 3.0 Stealth
 + Level 2.8 Spellcasting
 - Level 1.0 Conjurations
 - Level 3.0 Air Magic


You had 5 spell levels left.
You knew the following spells:

 Your Spells              Type           Power        Failure   Level  Hunger
a - Shock                 Conj/Air       #...         9%          1    #......

Your spell library contained the following spells:

 Spells                   Type           Power        Failure   Level  Hunger
 Swiftness                Chrm/Air       #.......     17%         2    ##.....
 Static Discharge         Conj/Air       #.......     26%         3    ###....
 Airstrike                Air            ##........   52%         4    #####..
 Lightning Bolt           Conj/Air       #.........   94%         5    ######.


Dungeon Overview and Level Annotations

Branches:
Dungeon (2/15)

Altars:

Annotations:
D:2 Natasha


Innate Abilities, Weirdness & Mutations

You cannot wear boots.
Your serpentine skin is tough. (AC +0)
You have supernaturally acute eyesight. (SInv)
Armour fits poorly on your strangely shaped body.
Your system is resistant to poisons. (rPois)
You cover ground very slowly.
You have a slow metabolism.
You can spit poison.


Message History

Aiming: Shock (safe; 9% risk of failure)
Press: ? - help, Shift-Dir - straight line, f/p - Natasha
Aim: Natasha (lightly wounded)
The zap misses Natasha.
The zap hits Natasha.
Natasha is moderately wounded.
You have got your breath back.
Natasha barely misses you.
Unknown command.
Casting: Shock (safe; 9% risk of failure)
Confirm with . or Enter, or press ? or * to list all spells.
Aiming: Shock (safe; 9% risk of failure)
Press: ? - help, Shift-Dir - straight line, f/p - Natasha
Aim: Natasha (moderately wounded)
Okay, then.
Press: ? - help, Shift-Dir - straight line, f/p - Natasha
Aim: Natasha (moderately wounded)
The splash of poison hits Natasha.
Natasha is almost dead.
You feel slightly more hungry. Natasha claws you.
You die...

## ### #.. ..# #.# #.#
#.# #.# #.# #.########
#.###########.......h.
####.##.<....@h..#######[
####....).....#####.#
#....<..##.##.# #.#
#.#####.##.##.# #.#
#.##..... #.# #.##..##.#
#.# #.##..# .# #.#
#...... .. ..# ..##..# .#
#..


You could see Natasha.

Vanquished Creatures
  A leopard gecko (D:2)
  2 goblins (D:1)
  2 hobgoblins (D:1)
  3 kobolds
  2 bats (D:1)
  A frilled lizard (D:1)
  3 rats
14 creatures vanquished.

Notes
Turn   | Place    | Note
-------+----------+-------------------------------------------
     0 | D:1      | Lavandula the Naga Air Elementalist began the quest for the
                  | Orb.
     0 | D:1      | Reached XP level 1. HP: 15/15 MP: 3/3
     0 | D:1      | Noticed an iron dragon
     1 | D:1      | Noticed a tentacled monstrosity
     3 | D:1      | Noticed an orb of fire
     3 | D:1      | Noticed a large abomination
     6 | D:1      | Noticed a tentacled monstrosity
     7 | D:1      | Noticed a green draconian
    10 | D:1      | Noticed an ice dragon
    13 | D:1      | Noticed a tentacled monstrosity
    17 | D:1      | Noticed a large abomination
    17 | D:1      | Noticed a tentacled monstrosity
    19 | D:1      | Noticed a large abomination
    21 | D:1      | Noticed a tentacled monstrosity
   120 | D:1      | Reached XP level 2. HP: 13/22 MP: 1/5
   282 | D:2      | Noticed Natasha
   296 | D:2      | Slain by Natasha

Vault maps used:
D:1:      shiori_arrival_whats_in_store_for_you, serial_bayou_ford_a,
          grunt_decor_mini_mirrors, dk_noncrumbling_3
D:2:      first_ration, uniq_natasha

Action                   || total
-------------------------++-------
Melee: Unarmed           ||     3
 Cast: Shock             ||    18
 Abil: Spit Poison       ||    11
  Use: Potion            ||     1
Armor: Robe              ||     5
Dodge: Dodged            ||    15

Table legend:
 A = Non-vault XP
 B = Vault XP
 C = Vault XP percentage of total XP
 D = Non-vault monster count
 E = Vault monster count
 F = Vault count percentage of total count
                 A         B        C        D         E       F
            +---------+---------+-------+---------+---------+-------
      Total |      20 |       0 |   0.0 |      14 |       0 |   0.0
            +---------+---------+-------+---------+---------+-------
        D:1 |      15 |       0 |   0.0 |      11 |       0 |   0.0
        D:2 |       5 |       0 |   0.0 |       3 |       0 |   0.0
            +---------+---------+-------+---------+---------+-------
